PIO (24 & UNDER)
COLORADO COMMANDERS @ SASKATOON SMOKIN' GUNS
06/22/2023
 
TOP OF THE 1ST
Colorado Commanders batting - Pitching for Saskatoon Smokin' Guns : RHP Arthur Benson
Pitching: RHP Arthur Benson
Batting: RHB Richard Wilkins 0-0: Ball
1-0: Fly out, F9 (Flyball, 89M)
Batting: RHB Joe Haley 0-0: Ball
1-0: Called Strike
1-1: Called Strike
1-2: Strikes out looking
Batting: LHB Rafael Delgado 0-0: DOUBLE (Line Drive, 7LM)
Batting: RHB Lee Price 0-0: Swinging Strike
0-1: Called Strike
0-2: Ball
1-2: Ball
2-2: Strikes out swinging
Top of the 1st over - 0 run(s), 1 hit(s), 0 error(s), 1 left on base; Colorado 0 - Saskatoon 0
BOTTOM OF THE 1ST
Saskatoon Smokin' Guns batting - Pitching for Colorado Commanders : LHP Sean Perry
Pitching: LHP Sean Perry
Batting: RHB Chris Richards 0-0: Called Strike
0-1: Called Strike
0-2: Ball
1-2: Foul Ball, location: 2F
1-2: Ball
2-2: Foul Ball, location: 2F
2-2: Foul Ball, location: 2F
2-2: Foul Ball, location: 2F
2-2: Ball
3-2: Strikes out swinging
Batting: RHB Eric Neal 0-0: DOUBLE (Line Drive, 7LS)
Batting: LHB Del Kennedy 0-0: Called Strike
0-1: Ball
1-1: Swinging Strike
1-2: Ball
2-2: Ball
3-2: Base on Balls
Batting: RHB António Yánez 0-0: Ball
1-0: Ball
2-0: Ball
3-0: Base on Balls
Eric Neal to third
Del Kennedy to second
Batting: RHB Pedro Núñez 0-0: Called Strike
0-1: Called Strike
0-2: Foul Ball, location: 2F
0-2: Fielders Choice at 2nd, 5-4 (Groundball, 5)
Eric Neal scores
Del Kennedy to third
Batting: RHB Oliver Harris 0-0: Ball
1-0: Ball
2-0: Ground out U3 (Groundball, 3S)
Bottom of the 1st over - 1 run(s), 1 hit(s), 0 error(s), 2 left on base; Colorado 0 - Saskatoon 1
TOP OF THE 2ND
Colorado Commanders batting - Pitching for Saskatoon Smokin' Guns : RHP Arthur Benson
Batting: RHB Diego Francisco 0-0: Ball
1-0: Ball
2-0: Foul Ball, location: 2F
2-1: Called Strike
2-2: SINGLE (Groundball, 25) (infield hit)
Batting: SHB George Adams 0-0: Called Strike
0-1: Called Strike
0-2: Strikes out swinging
Batting: RHB John Riley 0-0: Ball
1-0: Foul Ball, location: 2F
1-1: SINGLE (Line Drive, 9LS)
Diego Francisco to second
Batting: LHB John Nicholson 0-0: Called Strike
0-1: Ball
1-1: Swinging Strike
1-2: Ball
2-2: Ball
3-2: Base on Balls
Diego Francisco to third
John Riley to second
Batting: RHB Richard Pendergast 0-0: Ball
1-0: Called Strike
1-1: Ball
2-1: Ball
3-1: Swinging Strike
3-2: Grounds into double play, 6-4-3 (Groundball, 6)
Top of the 2nd over - 0 run(s), 2 hit(s), 0 error(s), 2 left on base; Colorado 0 - Saskatoon 1
BOTTOM OF THE 2ND
Saskatoon Smokin' Guns batting - Pitching for Colorado Commanders : LHP Sean Perry
Batting: RHB Jason O'Toole 0-0: Ball
1-0: Swinging Strike
1-1: Swinging Strike
1-2: Ball
2-2: Ball
3-2: Foul Ball, location: 2F
3-2: Base on Balls
Batting: RHB Alvin Hampton 0-0: Called Strike
0-1: Ball
1-1: Ball
2-1: DOUBLE (Line Drive, 89M)
Jason O'Toole to third
Batting: RHB Gary Spencer 0-0: Ball
1-0: Ball
2-0: Called Strike
2-1: Swinging Strike
2-2: Foul Ball, location: 2F
2-2: Strikes out swinging
Batting: RHB Chris Richards 0-0: Ball
1-0: Ball
2-0: Foul Ball, location: 2F
2-1: Swinging Strike
2-2: Foul Ball, location: 2F
2-2: Strikes out swinging
Batting: RHB Eric Neal 0-0: Ball
1-0: Ball
2-0: Swinging Strike
2-1: Foul Ball, location: 2F
2-2: Fly out, F8 (Flyball, 8RM)
Bottom of the 2nd over - 0 run(s), 1 hit(s), 0 error(s), 2 left on base; Colorado 0 - Saskatoon 1
TOP OF THE 3RD
Colorado Commanders batting - Pitching for Saskatoon Smokin' Guns : RHP Arthur Benson
Batting: RHB Richard Wilkins 0-0: Ball
1-0: Ball
2-0: Ball
3-0: Foul Ball, location: 2F
3-1: Called Strike
3-2: Strikes out swinging
Batting: RHB Joe Haley 0-0: Called Strike
0-1: Bunt missed!
0-2: Ball
1-2: SINGLE (Groundball, 56D)
Batting: LHB Rafael Delgado 0-0: Ball
1-0: Called Strike
1-1: Fielders Choice at 2nd, 6-4 (Groundball, 6)
Batting: RHB Lee Price 0-0: Ball
1-0: Called Strike
1-1: Called Strike
1-2: Ball
Rafael Delgado steals 2nd base
2-2: Ball
3-2: Ground out 5-3 (Groundball, 5)
Top of the 3rd over - 0 run(s), 1 hit(s), 0 error(s), 1 left on base; Colorado 0 - Saskatoon 1
BOTTOM OF THE 3RD
Saskatoon Smokin' Guns batting - Pitching for Colorado Commanders : LHP Sean Perry
Batting: LHB Del Kennedy 0-0: Ball
1-0: Ball
2-0: Ball
3-0: Base on Balls
Batting: RHB António Yánez 0-0: Ball
1-0: Foul Ball, location: 2F
1-1: Swinging Strike
1-2: Ball
Del Kennedy is caught stealing 2nd base
2-2: Strikes out swinging
Batting: RHB Pedro Núñez 0-0: Called Strike
0-1: Ball
1-1: Called Strike
1-2: Strikes out swinging
Bottom of the 3rd over - 0 run(s), 0 hit(s), 0 error(s), 0 left on base; Colorado 0 - Saskatoon 1
TOP OF THE 4TH
Colorado Commanders batting - Pitching for Saskatoon Smokin' Guns : RHP Arthur Benson
Batting: RHB Diego Francisco 0-0: Ball
1-0: Ball
2-0: Called Strike
2-1: Ball
3-1: Base on Balls
Batting: SHB George Adams 0-0: Foul Ball, location: 2F
0-1: Ball
1-1: Fly out, F5 (Line Drive, 5)
Batting: RHB John Riley 0-0: Fielders Choice at 2nd, 5-4 (Groundball, 5L)
Batting: LHB John Nicholson 0-0: SINGLE (Groundball, 34)
John Riley to second
Runner from 2nd tries for 3rd, SAFE, no throw or cutoff
Batting: RHB Richard Pendergast 0-0: Called Strike
0-1: Ball
1-1: Swinging Strike
1-2: Strikes out swinging
Top of the 4th over - 0 run(s), 1 hit(s), 0 error(s), 2 left on base; Colorado 0 - Saskatoon 1
BOTTOM OF THE 4TH
Saskatoon Smokin' Guns batting - Pitching for Colorado Commanders : LHP Sean Perry
Batting: RHB Oliver Harris 0-0: DOUBLE (Popup, 8RS)
Batting: RHB Jason O'Toole 0-0: Ball
1-0: Swinging Strike
1-1: Ground out 6-3 (Groundball, 6)
Batting: RHB Alvin Hampton 0-0: Called Strike
0-1: Ball
1-1: Called Strike
1-2: Strikes out swinging
Batting: RHB Gary Spencer 0-0: Ball
Wild Pitch!
Oliver Harris to third
1-0: Swinging Strike
1-1: Foul Ball, location: 2F
1-2: Strikes out looking
Bottom of the 4th over - 0 run(s), 1 hit(s), 0 error(s), 1 left on base; Colorado 0 - Saskatoon 1
TOP OF THE 5TH
Colorado Commanders batting - Pitching for Saskatoon Smokin' Guns : RHP Arthur Benson
Batting: RHB Richard Wilkins 0-0: Ball
1-0: Ball
2-0: Called Strike
2-1: Ball
3-1: Foul Ball, location: 2F
3-2: Foul Ball, location: 2F
3-2: SINGLE (Line Drive, 89M)
Batting: RHB Joe Haley 0-0: Called Strike
0-1: Ball
1-1: Ball
2-1: Fielders Choice at 2nd, 1-6 (Groundball, 23)
Batting: LHB Rafael Delgado Balk!
Joe Haley to second
0-0: Ball
1-0: Ball
2-0: Ball
3-0: Base on Balls
Batting: RHB Lee Price 0-0: Fly out, F9 (Flyball, 9LMF)
Batting: RHB Diego Francisco 0-0: Swinging Strike
0-1: Foul Ball, location: 2F
0-2: Strikes out looking
Top of the 5th over - 0 run(s), 1 hit(s), 0 error(s), 2 left on base; Colorado 0 - Saskatoon 1
BOTTOM OF THE 5TH
Saskatoon Smokin' Guns batting - Pitching for Colorado Commanders : LHP Sean Perry
Batting: RHB Chris Richards 0-0: Ground out 5-3 (Groundball, 5)
Batting: RHB Eric Neal 0-0: Called Strike
0-1: Ball
1-1: Ball
2-1: Called Strike
2-2: Strikes out swinging
Batting: LHB Del Kennedy 0-0: Swinging Strike
0-1: Foul Ball, location: 2F
0-2: Ball
1-2: Strikes out swinging
Bottom of the 5th over - 0 run(s), 0 hit(s), 0 error(s), 0 left on base; Colorado 0 - Saskatoon 1
TOP OF THE 6TH
Colorado Commanders batting - Pitching for Saskatoon Smokin' Guns : RHP Arthur Benson
Pitching: LHP Manuel Gil
Batting: SHB George Adams 0-0: Swinging Strike
0-1: Foul Ball, location: 2F
0-2: Strikes out swinging
Batting: RHB John Riley 0-0: Foul Ball, location: 2F
0-1: Ball
1-1: Ball
2-1: Called Strike
2-2: Ball
3-2: Base on Balls
Batting: LHB John Nicholson 0-0: Swinging Strike
0-1: Called Strike
0-2: Foul Ball, location: 2F
0-2: Strikes out swinging
Batting: RHB Richard Pendergast 0-0: Ball
1-0: Ball
2-0: SINGLE (Groundball, 6MD)
John Riley to second
Batting: RHB Richard Wilkins 0-0: Foul Ball, location: 2F
0-1: Fly out, F8 (Flyball, 8RM)
Top of the 6th over - 0 run(s), 1 hit(s), 0 error(s), 2 left on base; Colorado 0 - Saskatoon 1
BOTTOM OF THE 6TH
Saskatoon Smokin' Guns batting - Pitching for Colorado Commanders : LHP Sean Perry
Pitching: RHP Tomás Rodríguez
Batting: RHB António Yánez 0-0: Called Strike
0-1: Foul Ball, location: 2F
0-2: Strikes out swinging
Batting: RHB Pedro Núñez 0-0: Ball
1-0: DOUBLE (Groundball, 5L)
Batting: RHB Oliver Harris 0-0: Intentional Walk
Batting: RHB Jason O'Toole 0-0: Ball
1-0: Ball
2-0: Ball
3-0: Called Strike
3-1: Base on Balls
Pedro Núñez to third
Oliver Harris to second
Batting: RHB Alvin Hampton 0-0: Ball
1-0: Foul Ball, location: 2F
1-1: Swinging Strike
1-2: Strikes out swinging
Batting: RHB Gary Spencer 0-0: Foul Ball, location: 2F
0-1: Swinging Strike
0-2: Foul Ball, location: 2F
0-2: Fly out, F7 (Flyball, 78M)
Bottom of the 6th over - 0 run(s), 1 hit(s), 0 error(s), 3 left on base; Colorado 0 - Saskatoon 1
TOP OF THE 7TH
Colorado Commanders batting - Pitching for Saskatoon Smokin' Guns : LHP Manuel Gil
Batting: RHB Joe Haley 0-0: Ball
1-0: SINGLE (Line Drive, 9S)
Batting: LHB Rafael Delgado 0-0: Swinging Strike
0-1: Foul Ball, location: 2F
0-2: Strikes out swinging
Batting: RHB Lee Price 0-0: Ball
1-0: Called Strike
1-1: Foul Ball, location: 2F
1-2: Ball
2-2: Ball
Joe Haley steals 2nd base
3-2: Strikes out swinging
Batting: RHB Diego Francisco 0-0: Called Strike
0-1: Foul Ball, location: 2F
0-2: Strikes out swinging
Top of the 7th over - 0 run(s), 1 hit(s), 0 error(s), 1 left on base; Colorado 0 - Saskatoon 1
BOTTOM OF THE 7TH
Saskatoon Smokin' Guns batting - Pitching for Colorado Commanders : RHP Tomás Rodríguez
Batting: RHB Chris Richards 0-0: Ball
1-0: Ball
2-0: Foul Ball, location: 2F
2-1: Ground out 6-3 (Groundball, 6M)
Batting: RHB Eric Neal 0-0: Ball
1-0: SINGLE (Line Drive, 7LS)
Batting: LHB Del Kennedy 0-0: Called Strike
0-1: Ball
1-1: Ball
2-1: Called Strike
2-2: Ball
3-2: Strikes out swinging
Pitching: LHP Albert Alonzo
Batting: RHB António Yánez 0-0: Ball
1-0: Ball
2-0: Foul Ball, location: 2F
2-1: Foul Ball, location: 2F
2-2: Fly out, F4 (Popup, 4M)
Bottom of the 7th over - 0 run(s), 1 hit(s), 0 error(s), 1 left on base; Colorado 0 - Saskatoon 1
TOP OF THE 8TH
Colorado Commanders batting - Pitching for Saskatoon Smokin' Guns : LHP Manuel Gil
Pitching: RHP Lorenzo Montáñez
Batting: SHB George Adams 0-0: Called Strike
0-1: Ball
1-1: Foul Ball, location: 2F
1-2: Ground out U3 (Groundball, 3L)
Pitching: RHP Allen Collins
Batting: RHB John Riley 0-0: Fly out, F8 (Flyball, 8RM)
Pitching: RHP Bernie Titus
Batting: LHB John Nicholson 0-0: Reached on error, E3 (Groundball, 3)
Batting: RHB Richard Pendergast 0-0: Ball
1-0: Foul Ball, location: 2F
1-1: Ball
2-1: Foul Ball, location: 2F
2-2: Strikes out looking
Top of the 8th over - 0 run(s), 0 hit(s), 1 error(s), 1 left on base; Colorado 0 - Saskatoon 1
BOTTOM OF THE 8TH
Saskatoon Smokin' Guns batting - Pitching for Colorado Commanders : LHP Albert Alonzo
Batting: RHB Pedro Núñez 0-0: Ball
1-0: Called Strike
1-1: Ball
2-1: Fly out, F8 (Flyball, 8RM)
Batting: RHB Oliver Harris 0-0: SINGLE (Line Drive, 9S)
Pinch Hitting: RHB Steven Jennings 0-0: Called Strike
0-1: Ball
1-1: Foul Ball, location: 2F
1-2: Foul Ball, location: 2F
1-2: Strikes out swinging
Batting: RHB Alvin Hampton 0-0: Called Strike
0-1: Fielders Choice at 2nd, 6-4 (Groundball, 6)
Bottom of the 8th over - 0 run(s), 1 hit(s), 0 error(s), 0 left on base; Colorado 0 - Saskatoon 1
TOP OF THE 9TH
Colorado Commanders batting - Pitching for Saskatoon Smokin' Guns : RHP Bernie Titus
Pitching: RHP Clayton Hawkins
Now at SS: Steven Jennings
Now in CF: Xavier López
Batting: RHB Richard Wilkins 0-0: Called Strike
0-1: Foul Ball, location: 2F
0-2: Strikes out looking
Pinch Hitting: SHB Scott Compton 0-0: Ground out 1-3 (Groundball, 25)
Batting: LHB Rafael Delgado 0-0: Ball
1-0: Fly out, F7 (Line Drive, 7M)
Top of the 9th over - 0 run(s), 0 hit(s), 0 error(s), 0 left on base; Colorado 0 - Saskatoon 1
This league is powered by Out of the Park Baseball, the baseball management simulation game for PC, Mac and Linux
Wednesday, December 2nd, 2015 - OOTP Baseball 16.8 Build 38